 Dungeon Crawl Stone Soup version 0.24-a0-235-g3f03afc (webtiles) character file.

Game seed: 10556298278693241430

114594 Gorice the Cleaver (level 16, -14/126 HPs)
             Began as a Gnoll Wanderer on Apr 6, 2019.
             Was the Champion of Elyvilon.
             Shot with a bolt by a naga sharpshooter (16 damage)
             ... on level 1 of the Snake Pit on Apr 7, 2019.
             The game lasted 02:53:11 (35588 turns).

Gorice the Cleaver (Gnoll Wanderer)                Turns: 35588, Time: 02:53:12

Health: -14/126    AC: 29    Str: 21    XL:     16   Next: 66%
Magic:  0/30       EV: 17    Int: 16    God:    Elyvilon [******]
Gold:   805        SH:  0    Dex: 14    Spells: 36/36 levels left

rFire    + . .     SeeInvis .   a - +8 broad axe "Killer Klown's Bane" {venom, MR+}
rCold    . . .     Gourm    .   (no shield)
rNeg     . . .     Faith    .   D - +3 plate armour {rF+}
rPois    .         Spirit   +   y - +2 hat
rElec    .         Reflect  .   v - +0 cloak
rCorr    .         Harm     .   J - +0 pair of gloves
MR       ++...                  A - +0 pair of boots
Stlth    ..........             Y - amulet of guardian spirit
HPRegen  0.31/turn              R - +5 ring of protection
MPRegen  0.22/turn              e - ring of Phasing {EV+8}

@: lethally poisoned (-14 -> -48), constricted
A: distributed training, fangs 1, strong nose
a: Lesser Healing, Heal Other, Purification, Greater Healing, Divine Vigour,
Divine Protection, Renounce Religion


You were on level 1 of the Snake Pit.
You worshipped Elyvilon.
Elyvilon was exalted by your worship.
You were very hungry.

You visited 5 branches of the dungeon, and saw 25 of its levels.
You also visited: Sewer and Ice Cave.

You collected 3093 gold pieces.
You spent 2288 gold pieces at shops.

Inventory:

Hand Weapons
 a - the +8 broad axe "Killer Klown's Bane" (weapon) {venom, MR+}
   (You acquired it on level 4 of the Lair of Beasts)

   It poisons the flesh of those it strikes.
   It affects your resistance to hostile enchantments.
 b - a +5 longbow of freezing
   (You found it in an ice cave)
 h - the +7 trident "Roixt" {pierce, rF- Str+4 SInv}
   (You found it on level 5 of the Lair of Beasts)

   It inflicts extra damage upon your enemies.
   It affects your strength (+4).
   It makes you vulnerable to fire.
   It lets you see invisible.
 B - a +0 blowgun
Missiles
 O - 16 curare-tipped needles
 P - 4 javelins (quivered)
 T - 546 arrows
Armour
 v - a +0 cloak (worn)
 y - a +2 hat (worn)
 A - a +0 pair of boots (worn)
 D - a +3 plate armour of fire resistance (worn)
   (You took it off Louise on level 14 of the Dungeon)
 J - a +0 pair of gloves (worn)
Jewellery
 e - the ring of Phasing (right hand) {EV+8}
   (You bought it in a shop on level 5 of the Dungeon)

   [ring of evasion]

   It affects your evasion (+8).
 i - an uncursed ring of see invisible
 m - an uncursed ring of protection from magic
 E - an uncursed ring of positive energy
 R - a +5 ring of protection (left hand)
 Y - an amulet of guardian spirit (around neck)
Wands
 c - a wand of digging (5)
 f - a wand of disintegration (60)
 r - a wand of enslavement (11)
 z - a wand of acid (6)
 Q - a wand of flame (46)
 W - a wand of scattershot (1)
Scrolls
 g - a scroll of identify
 q - 2 scrolls of summoning {!r}
 s - a scroll of blinking
 t - 8 scrolls of magic mapping {!r}
 w - 5 scrolls of fog
 I - 8 scrolls of teleportation {!r}
 S - 9 scrolls of remove curse
Potions
 j - 5 potions of might {!q}
 n - 3 potions of cancellation {!q}
 o - 12 potions of curing
 u - 5 potions of heal wounds {!q}
 x - 2 potions of agility {!q}
 G - a potion of resistance {!q}
 H - 3 potions of flight
 K - a potion of invisibility {!q}
 M - 6 potions of haste {!q}
Comestibles
 d - 49 rations


   Skills:
 + Level 11.6 Fighting
 + Level 10.8 Short Blades
 + Level 10.8 Long Blades
 + Level 12.4 Axes
 + Level 11.1 Maces & Flails
 + Level 10.8 Polearms
 + Level 10.8 Staves
 + Level 10.8 Slings
 + Level 10.8 Bows
 + Level 10.8 Crossbows
 + Level 10.8 Throwing
 + Level 11.6 Armour
 + Level 10.8 Dodging
 + Level 10.8 Stealth
 + Level 11.1 Shields
 + Level 10.8 Unarmed Combat
 + Level 10.8 Spellcasting
 + Level 9.2 Conjurations
 + Level 9.2 Hexes
 + Level 9.2 Charms
 + Level 9.2 Summonings
 + Level 9.2 Necromancy
 + Level 9.2 Translocations
 + Level 9.2 Transmutations
 + Level 9.2 Fire Magic
 + Level 9.2 Ice Magic
 + Level 9.2 Air Magic
 + Level 9.2 Earth Magic
 + Level 9.2 Poison Magic
 + Level 11.6 Invocations
 + Level 11.1 Evocations


You had 36 spell levels left.
You didn't know any spells.
Your spell library contained the following spells:

 Spells                   Type           Power        Failure   Level  Hunger
 Animate Skeleton         Necr           N/A          2%          1    None
 Flame Tongue             Conj/Fire      #####        2%          1    None
 Magic Dart               Conj           ####         2%          1    None
 Pain                     Necr           ####         2%          1    None
 Sandblast                Erth           #####.       2%          1    None
 Shock                    Conj/Air       ####         2%          1    None
 Passwall                 Tmut/Erth      #####...     4%          2    None
 Poisonous Vapours        Pois/Air       #####.       4%          2    None
 Searing Ray              Conj           #####.       4%          2    None
 Swiftness                Chrm/Air       #####...     4%          2    None
 Throw Flame              Conj/Fire      #####.       4%          2    None
 Conjure Flame            Conj/Fire      #####...     8%          3    None
 Dazzling Spray           Conj/Hex       #####.       8%          3    None
 Inner Flame              Hex/Fire       #####...     8%          3    None
 Mephitic Cloud           Conj/Pois/Air  #####...     8%          3    None
 Regeneration             Chrm/Necr      #####.....   8%          3    None
 Static Discharge         Conj/Air       #####...     8%          3    None
 Stone Arrow              Conj/Erth      #####.       8%          3    None
 Vampiric Draining        Necr           #####.....   8%          3    None
 Airstrike                Air            #####.....   26%         4    ###....
 Animate Dead             Necr           N/A          26%         4    ###....
 Force Lance              Conj/Tloc      #####...     26%         4    ###....
 Fulminant Prism          Conj/Hex       #####.....   26%         4    ###....
 Iskenderun's Mystic Bla  Conj           #####...     26%         4    ###....
 Sticky Flame             Conj/Fire      #####...     26%         4    ###....
 Fireball                 Conj/Fire      #####.....   58%         5    #####..
 Lightning Bolt           Conj/Air       #####.....   58%         5    #####..
 Deflect Missiles         Chrm/Air       #####.....   99%         6    ######.
 Freezing Cloud           Conj/Ice/Air   #####.....   99%         6    ######.
 Ring of Flames           Chrm/Fire      #####.....   100%        7    #######


Dungeon Overview and Level Annotations

Branches:
Dungeon (15/15)            Temple (1/1) D:5            Lair (6/6) D:8
 Shoals (0/4) Lair:2        Snake (1/4) Lair:2        Slime (0/5) Lair:6
    Orc (2/2) D:11            Elf (0/3) Orc:2        Vaults (0/5) D:13
 Depths (0/5) D:15

Altars:
Ashenzari
Cheibriados
Dithmenos
Elyvilon
Fedhas
Gozag
Hepliaklqana
Kikubaaqudgha
Makhleb
Nemelex Xobeh
Okawaru
Qazlal
Ru
Sif Muna
Trog
Uskayaw
Vehumet
Wu Jian
Xom
Yredelemnul
Zin
The Shining One
Beogh
Jiyva

Shops:
D:4 =   D:5 =   D:8 *   D:14 *   Orc:2 !}![*

Portals:
Pandemonium: Orc:2

Annotations:
Lair:6 1 runed translucent door


Innate Abilities, Weirdness & Mutations

Your experience applies equally to all skills.
You have very sharp teeth.
Your uncanny sense of smell can sniff out nearby items.


Message History

You see here 2 bolts.
Damage: 7 (max 17)
The anaconda's grasp on you weakens, but your attempt to escape fails.
You feel sick.
The anaconda bites you but does no damage.
The anaconda constricts you. The black mamba bites you!
* * * LOW HITPOINT WARNING * * *
The naga hits you but does no damage.
The naga sharpshooter casts a spell.
The naga sharpshooter magically shoots a bolt.
The bolt hits you but does no damage.
The anaconda bites you but does no damage.
* * * LOW HITPOINT WARNING * * *
The anaconda constricts you.
The black mamba bites you but does no damage.
The naga sharpshooter gestures wildly while chanting.
The naga sharpshooter magically shoots an arrow.
The arrow hits you but does no damage.
Damage: 10 (max 17)
The anaconda's grasp on you weakens, but your attempt to escape fails.
You feel sick. The anaconda misses you. The anaconda constricts you.
The black mamba completely misses you. The naga completely misses you.
The naga sharpshooter gestures wildly while chanting.
The naga sharpshooter magically shoots an arrow.
The arrow hits you!
* * * LOW HITPOINT WARNING * * *
The anaconda bites you but does no damage.
The anaconda constricts you. The black mamba bites you!
* * * LOW HITPOINT WARNING * * *
You are more poisoned.
The black mamba poisons you!
Damage: 25 (max 25) Unknown command.
Unknown command.
Really quaff
u - 6 potions of heal wounds {!q}?
You feel much better.
* * * LOW HITPOINT WARNING * * *
You feel very sick. The anaconda bites you!
* * * LOW HITPOINT WARNING * * *
The anaconda constricts you. The black mamba misses you.
The black mamba closely misses you. The naga completely misses you.
The naga sharpshooter gestures wildly while chanting.
The naga sharpshooter magically shoots an arrow.
The arrow hits you!
* * * LOW HITPOINT WARNING * * *
The naga sharpshooter mumbles some strange words.
The naga sharpshooter magically shoots a bolt.
The bolt hits you!
You die...

.......## ###.
........## ##....
.........##......
...........N.....
.......(....N....
....N............
N.......N(.N.....
........SSS######
........N@##
....###...# #.##
###.. ## ####


You could see 2 naga warriors, a nagaraja, 2 naga sharpshooters, an anaconda, 2
black mambas and a naga.

Vanquished Creatures
  Jorgrun (D:15)
  Rupert (D:15)
  Gastronok (Lair:3)
  A fire giant (D:12)
  2 frost giants
  Louise (D:14)
  A dire elephant (D:15)
  An ettin (D:11)
  2 fire dragons
  The ghost of xeno23 the Covert, a journeyman OpAs of Uskayaw (Lair:2)
  3 naga warriors (Snake:1)
  8 hydras
  4 two-headed ogres
  The ghost of bohran the Chiller, a journeyman DsIE of Vehumet (D:11)
  6 centaur warriors
  The ghost of Biclygai the Unseen, a journeyman SpAs of Dithmenos (Lair:5)
  2 tengu warriors
  2 naga sharpshooters (Snake:1)
  6 death yaks
  8 orc high priests (Orc:2)
  A soul eater (Orc:2)
  3 shock serpents (Lair:2)
  2 spectral death yaks (Lair:2)
  A sun demon (Orc:2)
  2 unseen horrors
  A gelid demonspawn (Orc:2)
  2 infernal demonspawn (Orc:2)
  A wizard (D:14)
  4 orc knights (Orc:2)
  2 mana vipers (Snake:1)
  4 cyclopes
  6 ugly things
  3 manticores
  5 orc sorcerers
  The ghost of Hylith the Grave Robber, a novice GnNe of Okawaru (D:4)
  2 salamanders
  A rust devil (Orc:2)
  Psyche (D:10)
  A merfolk siren (Lair:2)
  2 guardian serpents (Snake:1)
  10 elephants
  9 black mambas
  A gargoyle (D:13)
  A naga mage (Snake:1)
  An ice statue (IceCv)
  8 spiny frogs
  2 kobold demonologists
  5 komodo dragons
  A hellwing (Orc:2)
  A red devil (Orc:2)
  19 polar bears
  2 trolls
  A dream sheep (Lair:6)
  13 slime creatures (D:14)
  A raiju (Lair:6)
  2 hornets
  A hippogriff (shapeshifter) (D:4)
  5 hippogriffs
  3 wyverns
  A basilisk (Lair:3)
  2 shadows
  3 wraiths
  A human (D:7)
  48 yaks
  A human (shapeshifter) (D:13)
  A hungry ghost (D:8)
  3 hogs (D:7)
  A chaos spawn (Orc:2)
  6 vampire mosquitoes
  Menkaure (D:5)
  8 wargs
  An acid dragon (D:12)
  10 nagas
  8 porcupines
  Duvessa (D:7)
  14 hell hounds
  5 water moccasins
  24 orc warriors
  3 sky beasts
  12 black bears
  A black mamba simulacrum (Lair:2)
  4 ice beasts
  37 wolves
  9 ogres
  2 eyes of draining
  3 phantoms
  8 crocodiles
  21 centaurs
  8 big kobolds
  14 bullfrogs
  2 gnoll sergeants
  A wyvern skeleton (D:6)
  Dowan (D:7)
  8 scorpions
  4 killer bees (D:7)
  13 wights
  9 crimson imps
  2 bullfrog zombies
  6 howler monkeys
  7 lava snakes (D:12)
  3 centaur zombies
  3 jellies
  9 hounds
  6 centaur skeletons
  A komodo dragon simulacrum (Lair:2)
  23 orc priests
  31 orc wizards
  2 bullfrog skeletons (D:9)
  2 iguanas
  Natasha (twice) (D:2)
  7 worker ants
  A hound skeleton (D:5)
  A howler monkey zombie (D:8)
  A howler monkey skeleton (D:7)
  16 adders
  14 gnolls
  6 river rats
  5 shadow imps
  4 oozes
  An adder skeleton (D:3)
  2 worms (D:3)
  6 dart slugs
  7 leopard geckos
  93 orcs
  7 ball pythons
  10 bats
  3 giant cockroaches
  8 goblins
  4 hobgoblins
  6 jackals
  5 quokkas
  9 frilled lizards
  53 kobolds
  A leopard gecko skeleton (D:8)
  A quokka zombie (D:8)
  28 rats
  A fire vortex (D:12)
  2 fungi
882 creatures vanquished.

Vanquished Creatures (others)
  An ogre mage (D:12)
  A polar bear (IceCv)
  3 blink frogs (Lair:2)
  2 yaks (IceCv)
  A wolf (IceCv)
  An orc wizard (D:3)
  A fungus (D:4)
  15 plants
25 creatures vanquished.

Grand Total: 907 creatures vanquished

Notes
Turn   | Place    | Note
-------+----------+-------------------------------------------
     0 | D:1      | Gorice the Gnoll Wanderer began the quest for the Orb.
     0 | D:1      | Gorice set off with the following items: a +2 hand axe, a
                  | +0 ring mail, a +0 mace, a ration
     0 | D:1      | Reached XP level 1. HP: 20/20 MP: 2/2
   280 | D:1      | Reached XP level 2. HP: 20/26 MP: 3/3
   560 | D:1      | Reached XP level 3. HP: 29/31 MP: 4/4
   750 | D:2      | Noticed Natasha
   751 | D:2      | Found a white marble altar of Elyvilon.
   759 | D:2      | Killed Natasha
   759 | D:2      | Reached skill level 1 in Invocations
   771 | D:2      | Reached skill level 1 in Short Blades
   771 | D:2      | Reached skill level 1 in Long Blades
   771 | D:2      | Reached skill level 1 in Polearms
   771 | D:2      | Reached skill level 1 in Staves
   771 | D:2      | Reached skill level 1 in Slings
   771 | D:2      | Reached skill level 1 in Bows
   771 | D:2      | Reached skill level 1 in Crossbows
   771 | D:2      | Reached skill level 1 in Throwing
   771 | D:2      | Reached skill level 1 in Dodging
   771 | D:2      | Reached skill level 1 in Stealth
   771 | D:2      | Reached skill level 1 in Unarmed Combat
   771 | D:2      | Reached skill level 1 in Spellcasting
   969 | D:2      | Reached XP level 4. HP: 37/38 MP: 6/6
  1170 | D:2      | Found a sparkling altar of Nemelex Xobeh.
  1221 | D:2      | Noticed Natasha
  1237 | D:2      | Killed Natasha
  1237 | D:2      | Reached skill level 1 in Conjurations
  1237 | D:2      | Reached skill level 1 in Hexes
  1237 | D:2      | Reached skill level 1 in Charms
  1237 | D:2      | Reached skill level 1 in Summonings
  1237 | D:2      | Reached skill level 1 in Necromancy
  1237 | D:2      | Reached skill level 1 in Translocations
  1237 | D:2      | Reached skill level 1 in Transmutations
  1237 | D:2      | Reached skill level 1 in Fire Magic
  1237 | D:2      | Reached skill level 1 in Ice Magic
  1237 | D:2      | Reached skill level 1 in Air Magic
  1237 | D:2      | Reached skill level 1 in Earth Magic
  1237 | D:2      | Reached skill level 1 in Poison Magic
  1400 | D:2      | Reached XP level 5. HP: 23/43 MP: 7/7
  1846 | D:2      | Found a faded altar of an unknown god.
  1858 | D:2      | Became a worshipper of Elyvilon the Healer
  1858 | D:2      | Reached * piety under Elyvilon
  2256 | D:3      | Reached skill level 3 in Maces & Flails
  2256 | D:3      | Reached skill level 3 in Shields
  2256 | D:3      | Reached skill level 3 in Evocations
  2479 | D:3      | Reached XP level 6. HP: 47/50 MP: 8/8
  2503 | D:3      | Found a glowing drain.
  2510 | Sewer    | Entered a sewer
  2532 | Sewer    | Reached skill level 2 in Invocations
  2564 | Sewer    | Reached skill level 5 in Fighting
  2564 | Sewer    | Reached skill level 5 in Armour
  2754 | Sewer    | Reached skill level 2 in Short Blades
  2754 | Sewer    | Reached skill level 2 in Long Blades
  2754 | Sewer    | Reached skill level 2 in Polearms
  2754 | Sewer    | Reached skill level 2 in Staves
  2754 | Sewer    | Reached skill level 2 in Slings
  2754 | Sewer    | Reached skill level 2 in Bows
  2754 | Sewer    | Reached skill level 2 in Crossbows
  2754 | Sewer    | Reached skill level 2 in Throwing
  2754 | Sewer    | Reached skill level 2 in Dodging
  2754 | Sewer    | Reached skill level 2 in Stealth
  2754 | Sewer    | Reached skill level 2 in Unarmed Combat
  2754 | Sewer    | Reached skill level 2 in Spellcasting
  2818 | Sewer    | Reached ** piety under Elyvilon
  3561 | D:3      | Reached XP level 7. HP: 50/56 MP: 10/10
  4035 | D:3      | Reached skill level 7 in Axes
  4170 | D:4      | Reached skill level 2 in Conjurations
  4170 | D:4      | Reached skill level 2 in Hexes
  4170 | D:4      | Reached skill level 2 in Charms
  4170 | D:4      | Reached skill level 2 in Summonings
  4170 | D:4      | Reached skill level 2 in Necromancy
  4170 | D:4      | Reached skill level 2 in Translocations
  4170 | D:4      | Reached skill level 2 in Transmutations
  4170 | D:4      | Reached skill level 2 in Fire Magic
  4170 | D:4      | Reached skill level 2 in Ice Magic
  4170 | D:4      | Reached skill level 2 in Air Magic
  4170 | D:4      | Reached skill level 2 in Earth Magic
  4170 | D:4      | Reached skill level 2 in Poison Magic
  4225 | D:4      | Found a runed translucent gate.
  4226 | D:4      | Found a runed translucent gate.
  4227 | D:4      | Found a runed translucent gate.
  4231 | D:4      | Noticed Hylith's ghost (novice GnNe)
  4357 | D:4      | Found Osodeij's Jewellery Emporium.
  4425 | D:4      | Noticed Pikel
  4436 | D:4      | Noticed Pikel
  4436 | D:4      | Pikel changed into Pikel the shapeshifter
  4437 | D:4      | Noticed Pikel
  4437 | D:4      | Pikel the shapeshifter changed into Pikel the hippogriff
  4441 | D:4      | HP: 12/56 [slave[Pikel] (7)]
  4442 | D:4      | HP: 2/56 [Pikel the hippogriff (shapeshifter) (4)]
  4447 | D:4      | HP: 25/84 [slave[Pikel] (6)]
  4450 | D:4      | Killed Pikel the hippogriff
  4450 | D:4      | Reached skill level 3 in Invocations
  5009 | D:5      | Entered Level 5 of the Dungeon
  5035 | D:5      | Found a staircase to the Ecumenical Temple.
  5041 | Temple   | Entered the Ecumenical Temple
  5277 | D:5      | Found a glowing golden altar of the Shining One.
  5277 | D:5      | Found a snail-covered altar of Cheibriados.
  5278 | D:5      | Found an iron altar of Okawaru.
  5314 | D:5      | Reached XP level 8. HP: 62/63 MP: 12/12
  5594 | D:5      | Found Viuxtina's Jewellery Shop.
  5632 | D:5      | Reached skill level 3 in Short Blades
  5632 | D:5      | Reached skill level 3 in Long Blades
  5632 | D:5      | Reached skill level 4 in Maces & Flails
  5632 | D:5      | Reached skill level 3 in Polearms
  5632 | D:5      | Reached skill level 3 in Staves
  5632 | D:5      | Reached skill level 3 in Slings
  5632 | D:5      | Reached skill level 3 in Bows
  5632 | D:5      | Reached skill level 3 in Crossbows
  5632 | D:5      | Reached skill level 3 in Throwing
  5632 | D:5      | Reached skill level 3 in Dodging
  5632 | D:5      | Reached skill level 3 in Stealth
  5632 | D:5      | Reached skill level 4 in Shields
  5632 | D:5      | Reached skill level 3 in Unarmed Combat
  5632 | D:5      | Reached skill level 3 in Spellcasting
  5632 | D:5      | Reached skill level 4 in Evocations
  5713 | D:5      | Noticed Menkaure
  5717 | D:5      | Killed Menkaure
  5729 | D:5      | Reached *** piety under Elyvilon
  6001 | D:6      | Found an opulent altar of Gozag.
  6272 | D:6      | Noticed a cyclops
  6306 | D:6      | Killed a cyclops
  6306 | D:6      | Reached skill level 6 in Fighting
  6306 | D:6      | Reached skill level 6 in Armour
  6306 | D:6      | Reached skill level 3 in Conjurations
  6306 | D:6      | Reached skill level 3 in Hexes
  6306 | D:6      | Reached skill level 3 in Charms
  6306 | D:6      | Reached skill level 3 in Summonings
  6306 | D:6      | Reached skill level 3 in Necromancy
  6306 | D:6      | Reached skill level 3 in Translocations
  6306 | D:6      | Reached skill level 3 in Transmutations
  6306 | D:6      | Reached skill level 3 in Fire Magic
  6306 | D:6      | Reached skill level 3 in Ice Magic
  6306 | D:6      | Reached skill level 3 in Air Magic
  6306 | D:6      | Reached skill level 3 in Earth Magic
  6306 | D:6      | Reached skill level 3 in Poison Magic
  6306 | D:6      | Reached skill level 4 in Invocations
  6306 | D:6      | Reached XP level 9. HP: 69/69 MP: 14/14
  6518 | D:6      | Reached skill level 4 in Short Blades
  6518 | D:6      | Reached skill level 4 in Long Blades
  6518 | D:6      | Reached skill level 4 in Polearms
  6518 | D:6      | Reached skill level 4 in Staves
  6518 | D:6      | Reached skill level 4 in Slings
  6518 | D:6      | Reached skill level 4 in Bows
  6518 | D:6      | Reached skill level 4 in Crossbows
  6518 | D:6      | Reached skill level 4 in Throwing
  6518 | D:6      | Reached skill level 4 in Dodging
  6518 | D:6      | Reached skill level 4 in Stealth
  6518 | D:6      | Reached skill level 4 in Unarmed Combat
  6518 | D:6      | Reached skill level 4 in Spellcasting
  7020 | D:7      | Reached skill level 5 in Maces & Flails
  7020 | D:7      | Reached skill level 5 in Shields
  7020 | D:7      | Reached skill level 5 in Evocations
  7059 | D:7      | HP: 20/69 [poisoned by a killer bee]
  7065 | D:7      | HP: 20/70 [poisoned by a killer bee]
  7073 | D:7      | HP: 20/70 [poisoned by a killer bee]
  7365 | D:7      | Got an ancient war axe
  7373 | D:7      | Identified the cursed +1 war axe "Ceets" {protect, +Blink
                  | rPois rF+ Int-3} (You found it on level 7 of the Dungeon)
  7415 | D:7      | Reached skill level 8 in Axes
  7467 | D:7      | Found a burning altar of Makhleb.
  7488 | D:7      | Reached **** piety under Elyvilon
  7711 | D:7      | Noticed Duvessa
  7711 | D:7      | Noticed Dowan
  7721 | D:7      | Killed Dowan
  7732 | D:7      | Killed Duvessa
  7732 | D:7      | Reached skill level 5 in Invocations
  8136 | D:7      | Reached XP level 10. HP: 77/77 MP: 17/17
  8147 | D:7      | Reached skill level 4 in Conjurations
  8147 | D:7      | Reached skill level 4 in Hexes
  8147 | D:7      | Reached skill level 4 in Charms
  8147 | D:7      | Reached skill level 4 in Summonings
  8147 | D:7      | Reached skill level 4 in Necromancy
  8147 | D:7      | Reached skill level 4 in Translocations
  8147 | D:7      | Reached skill level 4 in Transmutations
  8147 | D:7      | Reached skill level 4 in Fire Magic
  8147 | D:7      | Reached skill level 4 in Ice Magic
  8147 | D:7      | Reached skill level 4 in Air Magic
  8147 | D:7      | Reached skill level 4 in Earth Magic
  8147 | D:7      | Reached skill level 4 in Poison Magic
  8176 | D:7      | Reached skill level 5 in Short Blades
  8176 | D:7      | Reached skill level 5 in Long Blades
  8176 | D:7      | Reached skill level 5 in Polearms
  8176 | D:7      | Reached skill level 5 in Staves
  8176 | D:7      | Reached skill level 5 in Slings
  8176 | D:7      | Reached skill level 5 in Bows
  8176 | D:7      | Reached skill level 5 in Crossbows
  8176 | D:7      | Reached skill level 5 in Throwing
  8176 | D:7      | Reached skill level 5 in Dodging
  8176 | D:7      | Reached skill level 5 in Stealth
  8176 | D:7      | Reached skill level 5 in Unarmed Combat
  8176 | D:7      | Reached skill level 5 in Spellcasting
  8526 | D:7      | Reached skill level 7 in Fighting
  8526 | D:7      | Reached skill level 7 in Armour
  8594 | D:8      | Noticed a two-headed ogre
  8596 | D:8      | Noticed a two-headed ogre
  8618 | D:7      | Killed a two-headed ogre
  8618 | D:7      | Reached skill level 6 in Maces & Flails
  8618 | D:7      | Reached skill level 6 in Shields
  8618 | D:7      | Reached skill level 6 in Invocations
  8618 | D:7      | Reached skill level 6 in Evocations
  8898 | D:8      | Found a bloodstained altar of Trog.
  9089 | D:8      | Found Uvidabya's Assorted Antiques.
  9116 | D:8      | Bought a glowing hat for 119 gold pieces
  9238 | D:8      | Got a shimmering trident
  9239 | D:8      | Identified the cursed +1 trident "Jeng" {flame, MR+ Int+4
                  | SInv} (You found it on level 8 of the Dungeon)
  9440 | D:8      | HP: 21/79 [two-headed ogre/+0 giant club (10)]
  9447 | D:8      | Killed a two-headed ogre
  9447 | D:8      | Reached XP level 11. HP: 15/84 MP: 19/19
 10065 | D:8      | Found a staircase to the Lair.
 10118 | D:8      | HP: 24/84 [komodo dragon (6)]
 10392 | Lair:1   | Entered Level 1 of the Lair of Beasts
 10463 | Lair:1   | Reached skill level 9 in Axes
 10477 | Lair:1   | Reached ***** piety under Elyvilon
 10487 | Lair:1   | Reached skill level 6 in Short Blades
 10487 | Lair:1   | Reached skill level 6 in Long Blades
 10487 | Lair:1   | Reached skill level 6 in Polearms
 10487 | Lair:1   | Reached skill level 6 in Staves
 10487 | Lair:1   | Reached skill level 6 in Slings
 10487 | Lair:1   | Reached skill level 6 in Bows
 10487 | Lair:1   | Reached skill level 6 in Crossbows
 10487 | Lair:1   | Reached skill level 6 in Throwing
 10487 | Lair:1   | Reached skill level 6 in Dodging
 10487 | Lair:1   | Reached skill level 6 in Stealth
 10487 | Lair:1   | Reached skill level 6 in Unarmed Combat
 10487 | Lair:1   | Reached skill level 6 in Spellcasting
 10491 | Lair:1   | Reached skill level 5 in Conjurations
 10491 | Lair:1   | Reached skill level 5 in Hexes
 10491 | Lair:1   | Reached skill level 5 in Charms
 10491 | Lair:1   | Reached skill level 5 in Summonings
 10491 | Lair:1   | Reached skill level 5 in Necromancy
 10491 | Lair:1   | Reached skill level 5 in Translocations
 10491 | Lair:1   | Reached skill level 5 in Transmutations
 10491 | Lair:1   | Reached skill level 5 in Fire Magic
 10491 | Lair:1   | Reached skill level 5 in Ice Magic
 10491 | Lair:1   | Reached skill level 5 in Air Magic
 10491 | Lair:1   | Reached skill level 5 in Earth Magic
 10491 | Lair:1   | Reached skill level 5 in Poison Magic
 10532 | Lair:1   | HP: 20/85 [black mamba (9)]
 10533 | Lair:1   | HP: 9/85 [black mamba (11)]
 10838 | Lair:1   | Got a crude rapier
 11425 | Lair:1   | Identified the +8 rapier "Tiqeu" {venom, +Inv rC- rN+} (You
                  | found it on level 1 of the Lair of Beasts)
 11565 | Lair:2   | HP: 19/86 [yak (7)]
 11578 | Lair:2   | Reached skill level 7 in Invocations
 11921 | Lair:2   | HP: 25/86 [poisoned by a black mamba]
 11921 | Lair:2   | HP: 9/86 [wyvern (8)]
 11922 | Lair:2   | Reached skill level 8 in Fighting
 11922 | Lair:2   | Reached skill level 7 in Maces & Flails
 11922 | Lair:2   | Reached skill level 8 in Armour
 11922 | Lair:2   | Reached skill level 7 in Shields
 11922 | Lair:2   | Reached skill level 7 in Evocations
 11922 | Lair:2   | Noticed a four-headed hydra
 11922 | Lair:2   | HP: 1/86 [wyvern (4)]
 11945 | Lair:2   | HP: 19/86 [naga/+0 dire flail (9)]
 11962 | Lair:2   | HP: 25/86 [naga/+0 dire flail (3)]
 11968 | Lair:2   | HP: 15/86 [poisoned by a naga (splash of poison)]
 11975 | Lair:2   | HP: 15/86 [poisoned by a naga (splash of poison)]
 11983 | Lair:2   | HP: 14/86 [poisoned by a naga (splash of poison)]
 11992 | Lair:2   | HP: 8/86 [wyvern (9)]
 12423 | Lair:2   | Killed a four-headed hydra
 12457 | Lair:2   | Found a runed translucent gate.
 12457 | Lair:2   | Found a runed translucent gate.
 12457 | Lair:2   | Found a runed translucent gate.
 12457 | Lair:2   | Noticed xeno23's ghost (journeyman OpAs)
 12457 | Lair:2   | Noticed a spectral death yak
 12457 | Lair:2   | Noticed a spectral death yak
 12498 | Lair:2   | Found a staircase to the Snake Pit.
 12569 | Lair:2   | Reached XP level 12. HP: 86/93 MP: 22/22
 12886 | Lair:2   | Found a staircase to the Shoals.
 13867 | Lair:3   | Noticed a seven-headed hydra
 13886 | Lair:3   | HP: 27/94 [seven-headed hydra (11)]
 13888 | Lair:3   | Killed a seven-headed hydra
 13888 | Lair:3   | Reached skill level 7 in Short Blades
 13888 | Lair:3   | Reached skill level 7 in Long Blades
 13888 | Lair:3   | Reached skill level 7 in Polearms
 13888 | Lair:3   | Reached skill level 7 in Staves
 13888 | Lair:3   | Reached skill level 7 in Slings
 13888 | Lair:3   | Reached skill level 7 in Bows
 13888 | Lair:3   | Reached skill level 7 in Crossbows
 13888 | Lair:3   | Reached skill level 7 in Throwing
 13888 | Lair:3   | Reached skill level 7 in Dodging
 13888 | Lair:3   | Reached skill level 7 in Stealth
 13888 | Lair:3   | Reached skill level 7 in Unarmed Combat
 13888 | Lair:3   | Reached skill level 7 in Spellcasting
 13901 | Lair:3   | HP: 26/94 [yak (1)]
 14300 | Lair:3   | Got a smoking broad axe
 14301 | Lair:3   | Identified the +6 broad axe "Axzoapsi" {antimagic, rF- rN++
                  | MR+++ Dex-2} (You found it on level 3 of the Lair of
                  | Beasts)
 14642 | Lair:3   | Noticed Gastronok
 14665 | Lair:3   | Killed Gastronok
 14665 | Lair:3   | Reached skill level 6 in Conjurations
 14665 | Lair:3   | Reached skill level 6 in Hexes
 14665 | Lair:3   | Reached skill level 6 in Charms
 14665 | Lair:3   | Reached skill level 6 in Summonings
 14665 | Lair:3   | Reached skill level 6 in Necromancy
 14665 | Lair:3   | Reached skill level 6 in Translocations
 14665 | Lair:3   | Reached skill level 6 in Transmutations
 14665 | Lair:3   | Reached skill level 6 in Fire Magic
 14665 | Lair:3   | Reached skill level 6 in Ice Magic
 14665 | Lair:3   | Reached skill level 6 in Air Magic
 14665 | Lair:3   | Reached skill level 6 in Earth Magic
 14665 | Lair:3   | Reached skill level 6 in Poison Magic
 14665 | Lair:3   | Reached skill level 8 in Invocations
 15213 | Lair:4   | Identified a scroll of acquirement
 15315 | Lair:4   | Got a jewelled broad axe
 15316 | Lair:4   | Identified the +8 broad axe "Killer Klown's Bane" {venom,
                  | MR+} (You acquired it on level 4 of the Lair of Beasts)
 15622 | Lair:5   | Got a polished trident
 15623 | Lair:5   | Identified the +7 trident "Roixt" {pierce, rF- Str+4 SInv}
                  | (You found it on level 5 of the Lair of Beasts)
 15713 | Lair:5   | Found a frozen archway.
 15734 | Lair:5   | Noticed a five-headed hydra
 15749 | Lair:5   | Reached skill level 10 in Axes
 15749 | Lair:5   | Reached skill level 8 in Maces & Flails
 15749 | Lair:5   | Reached skill level 8 in Shields
 15749 | Lair:5   | Reached skill level 8 in Evocations
 15752 | Lair:5   | HP: 27/94 [six-headed hydra (5)]
 15755 | Lair:5   | Killed a six-headed hydra
 15757 | Lair:5   | HP: 24/94 [poisoned by a spiny frog]
 15762 | Lair:5   | HP: 22/94 [poisoned by a spiny frog]
 15767 | Lair:5   | HP: 21/94 [poisoned by a spiny frog]
 15774 | Lair:5   | HP: 21/94 [poisoned by a spiny frog]
 15782 | Lair:5   | HP: 21/94 [poisoned by a spiny frog]
 15811 | IceCv    | Entered an ice cave
 15817 | IceCv    | HP: 28/94 [wolf (2)]
 16139 | IceCv    | HP: 23/94 [something] (7)]
 16440 | IceCv    | Reached skill level 9 in Fighting
 16440 | IceCv    | Reached skill level 9 in Armour
 16545 | IceCv    | Reached XP level 13. HP: 77/101 MP: 24/24
 17260 | IceCv    | Reached skill level 8 in Short Blades
 17260 | IceCv    | Reached skill level 8 in Long Blades
 17260 | IceCv    | Reached skill level 8 in Polearms
 17260 | IceCv    | Reached skill level 8 in Staves
 17260 | IceCv    | Reached skill level 8 in Slings
 17260 | IceCv    | Reached skill level 8 in Bows
 17260 | IceCv    | Reached skill level 8 in Crossbows
 17260 | IceCv    | Reached skill level 8 in Throwing
 17260 | IceCv    | Reached skill level 8 in Dodging
 17260 | IceCv    | Reached skill level 8 in Stealth
 17260 | IceCv    | Reached skill level 8 in Unarmed Combat
 17260 | IceCv    | Reached skill level 8 in Spellcasting
 17448 | IceCv    | Noticed a frost giant
 17475 | IceCv    | Killed a frost giant
 17651 | IceCv    | Reached ****** piety under Elyvilon
 17678 | IceCv    | Got a warped zirconium amulet
 17925 | Lair:5   | Reached skill level 9 in Invocations
 18082 | Lair:5   | Identified the amulet "Ranubric" {Inacc rC+ Str+4} (You
                  | found it in an ice cave)
 18252 | Lair:5   | Found a runed translucent gate.
 18252 | Lair:5   | Found a runed translucent gate.
 18253 | Lair:5   | Found a runed translucent gate.
 18274 | Lair:5   | Reached skill level 7 in Conjurations
 18274 | Lair:5   | Reached skill level 7 in Hexes
 18274 | Lair:5   | Reached skill level 7 in Charms
 18274 | Lair:5   | Reached skill level 7 in Summonings
 18274 | Lair:5   | Reached skill level 7 in Necromancy
 18274 | Lair:5   | Reached skill level 7 in Translocations
 18274 | Lair:5   | Reached skill level 7 in Transmutations
 18274 | Lair:5   | Reached skill level 7 in Fire Magic
 18274 | Lair:5   | Reached skill level 7 in Ice Magic
 18274 | Lair:5   | Reached skill level 7 in Air Magic
 18274 | Lair:5   | Reached skill level 7 in Earth Magic
 18274 | Lair:5   | Reached skill level 7 in Poison Magic
 18313 | Lair:5   | Noticed Biclygai's ghost (journeyman SpAs)
 19059 | Lair:6   | Entered Level 6 of the Lair of Beasts
 19061 | Lair:6   | Identified Jouduyst's Incunabulum of Flying Stones
 19513 | Lair:6   | Reached skill level 9 in Maces & Flails
 19513 | Lair:6   | Reached skill level 9 in Shields
 19513 | Lair:6   | Reached skill level 9 in Evocations
 19558 | Lair:6   | Found a runed translucent door.
 19558 | Lair:6   | Found a viscous altar of Jiyva.
 19558 | Lair:6   | Found a staircase to the Slime Pits.
 19558 | Lair:6   | Noticed an acid blob
 20090 | Lair:5   | Reached XP level 14. HP: 63/109 MP: 26/26
 20752 | Lair:6   | Reached skill level 10 in Fighting
 20752 | Lair:6   | Reached skill level 10 in Armour
 21048 | Lair:6   | Reached skill level 11 in Axes
 21235 | Lair:6   | Reached skill level 9 in Short Blades
 21235 | Lair:6   | Reached skill level 9 in Long Blades
 21235 | Lair:6   | Reached skill level 9 in Polearms
 21235 | Lair:6   | Reached skill level 9 in Staves
 21235 | Lair:6   | Reached skill level 9 in Slings
 21235 | Lair:6   | Reached skill level 9 in Bows
 21235 | Lair:6   | Reached skill level 9 in Crossbows
 21235 | Lair:6   | Reached skill level 9 in Throwing
 21235 | Lair:6   | Reached skill level 9 in Dodging
 21235 | Lair:6   | Reached skill level 9 in Stealth
 21235 | Lair:6   | Reached skill level 9 in Unarmed Combat
 21235 | Lair:6   | Reached skill level 9 in Spellcasting
 21712 | Lair:5   | Killed Biclygai's ghost
 21993 | Lair:2   | HP: 29/110 [xeno23's ghost (5)]
 21996 | Lair:2   | Killed xeno23's ghost
 21998 | Lair:2   | HP: 20/110 [komodo dragon simulacrum (16)]
 22003 | Lair:2   | HP: 8/110 [spectral death yak (9)]
 22783 | D:9      | You fall through a shaft for 2 floors!
 22790 | D:11     | Reached skill level 10 in Invocations
 22936 | D:10     | Entered Level 10 of the Dungeon
 23638 | D:10     | Noticed Psyche
 23646 | D:10     | Killed Psyche
 24242 | D:11     | Found a runed translucent gate.
 24242 | D:11     | Found a runed translucent gate.
 24242 | D:11     | Found a runed translucent gate.
 24247 | D:11     | Found an opulent altar of Gozag.
 24247 | D:11     | Noticed bohran's ghost (journeyman DsIE)
 24249 | D:11     | Noticed a frost giant
 24536 | D:11     | You fall through a shaft for 3 floors!
 24536 | D:14     | Found Dygaw's Assorted Antiques.
 24558 | D:14     | Bought a scroll of identify for 44 gold pieces
 24563 | D:14     | Found a sacrificial altar of Ru.
 25150 | D:13     | Reached skill level 8 in Conjurations
 25150 | D:13     | Reached skill level 8 in Hexes
 25150 | D:13     | Reached skill level 8 in Charms
 25150 | D:13     | Reached skill level 8 in Summonings
 25150 | D:13     | Reached skill level 8 in Necromancy
 25150 | D:13     | Reached skill level 8 in Translocations
 25150 | D:13     | Reached skill level 8 in Transmutations
 25150 | D:13     | Reached skill level 8 in Fire Magic
 25150 | D:13     | Reached skill level 8 in Ice Magic
 25150 | D:13     | Reached skill level 8 in Air Magic
 25150 | D:13     | Reached skill level 8 in Earth Magic
 25150 | D:13     | Reached skill level 8 in Poison Magic
 25164 | D:13     | Got an encrusted chain mail
 25165 | D:13     | Found a gate to the Vaults.
 25179 | D:12     | Reached XP level 15. HP: 82/117 MP: 28/28
 25233 | D:12     | Identified the +4 chain mail "Xiot" {rN+ Str+2} (You found
                  | it on level 13 of the Dungeon)
 25675 | D:11     | Reached skill level 10 in Maces & Flails
 25675 | D:11     | Reached skill level 10 in Shields
 25675 | D:11     | Reached skill level 10 in Evocations
 25694 | D:11     | Found a staircase to the Orcish Mines.
 26131 | D:11     | HP: 32/117 [frost giant/bolt of cold (11)]
 26135 | D:11     | HP: 14/117 [burnt (3)]
 26140 | D:11     | HP: 21/117 [gnoll/cursed -2 halberd (9)]
 26145 | D:11     | Killed bohran's ghost
 26146 | D:11     | HP: 18/117 [frost giant/bolt of cold (11)]
 26148 | D:11     | Killed a frost giant
 26148 | D:11     | HP: 8/117 [gnoll/cursed -2 halberd (10)]
 26324 | D:5      | Bought the ring of Phasing {EV+8} for 1536 gold pieces
 26324 | D:5      | Found the ring of Phasing {EV+8}
 26682 | D:4      | Killed Hylith's ghost
 26904 | Orc:1    | Entered Level 1 of the Orcish Mines
 27036 | Orc:2    | Entered Level 2 of the Orcish Mines
 27193 | Orc:1    | Found a radiant altar of Vehumet.
 27731 | Orc:2    | Found Utarou Betz's Distillery.
 27796 | Orc:2    | Found Kocsy's Distillery.
 27991 | Orc:2    | Found a staircase to the Elven Halls.
 28035 | Orc:2    | Found Fuviem's General Store.
 28199 | Orc:2    | Found a roughly hewn altar of Beogh.
 28323 | Orc:2    | Found a roughly hewn altar of Beogh.
 28786 | Orc:2    | Reached skill level 10 in Short Blades
 28786 | Orc:2    | Reached skill level 10 in Long Blades
 28786 | Orc:2    | Reached skill level 10 in Polearms
 28786 | Orc:2    | Reached skill level 10 in Staves
 28786 | Orc:2    | Reached skill level 10 in Slings
 28786 | Orc:2    | Reached skill level 10 in Bows
 28786 | Orc:2    | Reached skill level 10 in Crossbows
 28786 | Orc:2    | Reached skill level 10 in Throwing
 28786 | Orc:2    | Reached skill level 10 in Dodging
 28786 | Orc:2    | Reached skill level 10 in Stealth
 28786 | Orc:2    | Reached skill level 10 in Unarmed Combat
 28786 | Orc:2    | Reached skill level 10 in Spellcasting
 28833 | Orc:2    | HP: 24/117 [orc knight/+0 halberd (20)]
 29218 | Orc:2    | Reached skill level 11 in Fighting
 29218 | Orc:2    | Reached skill level 11 in Armour
 29245 | Orc:2    | Found Foexzyup's Gadget Shop.
 29245 | Orc:2    | Found Cuirojap's Antique Armour Boutique.
 29249 | Orc:2    | Found a one-way gate leading to the halls of Pandemonium.
 29270 | Orc:2    | Bought a pair of boots for 144 gold pieces
 29382 | Orc:2    | Bought a potion of heal wounds for 70 gold pieces
 29384 | Orc:2    | Bought a potion of heal wounds for 75 gold pieces
 29384 | Orc:2    | Bought 2 potions of haste for 300 gold pieces
 29858 | D:12     | Reached skill level 11 in Invocations
 29923 | D:12     | Noticed a fire giant
 30206 | D:12     | Killed a fire giant
 30994 | D:12     | Reached skill level 12 in Axes
 31074 | D:12     | Reached XP level 16. HP: 114/125 MP: 30/30
 31547 | D:13     | Found a bloodstained altar of Trog.
 32671 | D:14     | Noticed Louise
 32694 | D:14     | Killed Louise
 32944 | D:15     | Entered Level 15 of the Dungeon
 32949 | D:15     | Noticed Rupert
 32971 | D:15     | Killed Rupert
 33211 | D:15     | Noticed Jorgrun
 33250 | D:15     | Killed Jorgrun
 33250 | D:15     | Reached skill level 9 in Conjurations
 33250 | D:15     | Reached skill level 9 in Hexes
 33250 | D:15     | Reached skill level 9 in Charms
 33250 | D:15     | Reached skill level 9 in Summonings
 33250 | D:15     | Reached skill level 9 in Necromancy
 33250 | D:15     | Reached skill level 9 in Translocations
 33250 | D:15     | Reached skill level 9 in Transmutations
 33250 | D:15     | Reached skill level 9 in Fire Magic
 33250 | D:15     | Reached skill level 9 in Ice Magic
 33250 | D:15     | Reached skill level 9 in Air Magic
 33250 | D:15     | Reached skill level 9 in Earth Magic
 33250 | D:15     | Reached skill level 9 in Poison Magic
 33606 | D:15     | Found a staircase to the Depths.
 33633 | D:15     | HP: 40/189 [dire elephant (18)]
 34395 | Snake:1  | Entered Level 1 of the Snake Pit
 34411 | Lair:2   | Reached skill level 11 in Maces & Flails
 34411 | Lair:2   | Reached skill level 11 in Shields
 34411 | Lair:2   | Reached skill level 11 in Evocations
 34929 | Snake:1  | HP: 36/126 [shock serpent/bolt of electricity (8)]
 34934 | Lair:2   | HP: 23/126 [poisoned by a naga mage (poison arrow)]
 34940 | Lair:2   | HP: 22/126 [shock serpent/electric aura (3)]
 35581 | Snake:1  | Noticed a nagaraja
 35586 | Snake:1  | HP: 37/126 [poisoned by a nagaraja (splash of poison)]
 35587 | Snake:1  | HP: 13/126 [naga sharpshooter/arrow (13)]
 35587 | Snake:1  | HP: 3/126 [black mamba (10)]
 35588 | Snake:1  | Shot with a bolt by a naga sharpshooter

Levels and vault maps discovered:
D:1:      ncdulo_smallfort, layout_basic, minmay_strange_pillars,
          minmay_tetromino_i4
D:2:      layout_basic, nemelex_altar_shiori, serial_rivers,
          chequers_serial_rivers_small_b, chequers_serial_rivers_micro_b,
          chequers_serial_rivers_small_a, chequers_serial_rivers_room_a,
          chequers_ecumenical_altar_grove, elyvilon_altar_5, uniq_natasha
D:3:      layout_rooms, lightli_sewer_entry_pipes, st_stairs_3,
          kennysheep_path_1
D:4:      layout_loops_ring, gammafunk_ghost_nasty_kobolds,
          minmay_shop_enchanted_jewellery, uniq_pikel
D:5:      layout_basic, grunt_temple_overflow_open, minmay_temple_entry_hall,
          first_ration, kennysheep_windowed_goal, uniq_menkaure
D:6:      layout_cave_pods, lemuel_altar_in_water
D:7:      layout_loops_cross, lightli_temple_of_fire, grunt_livestock,
          uniq_duvessa
D:8:      layout_basic, lemuel_crystal_altar, david_lair_shrubbed, serial_glass,
          glass_columns_a, glass_columns_c, glass_columns_a, glass_columns_a,
          glass_columns_a, glass_columns_a, glass_columns_a, glass_columns_c,
          glass_columns_c, glass_columns_a, glass_columns_a, glass_columns_b,
          glass_columns_a, glass_columns_a, due_unseen_surprise, serial_shops,
          nicolae_shop_crystal
D:9:      layout_cave_pools, corexii_leaking_fountain
D:10:     layout_irregular_city, uniq_psyche
D:11:     layout_loops_corners, hiddenorc2_lemuel, ebering_ghost_gozag,
          hangedman_glass_teeth
D:12:     kennysheep_four_of_diamonds, layout_loops_ring
D:13:     layout_cave_pools, david_vaults_2, basic_altar
D:14:     layout_cave_pods, serial_shops, shop_coins,
          chequers_serial_rivers_micro_e, nicolae_ru_sacrificial_ziggurat,
          uniq_louise
D:15:     hangedman_depths_entry_try_elsewhere_first, layout_rooms, uniq_rupert,
          uniq_jorgrun
Temple:   regret_index_temple_sphere_string
Lair:1:   layout_misc_corridors
Lair:2:   layout_cave_pods, minmay_shoals_entry_lonely_mermaid,
          minmay_snake_entry_guardpost_medium, gammafunk_ghost_necromancy,
          grunt_megastairs_2
Lair:3:   layout_regular_city, uniq_gastronok
Lair:4:   layout_gridlike, lemuel_fruit_tree
Lair:5:   layout_hall_layers, portal_ice_cave_entry_pillars_1,
          ebering_ghost_rock_garden
Lair:6:   hangedman_lair_caniforms_friends, layout_gridlike, slime_altar_2,
          lemuel_fruit_fields, infiniplex_staircase_pool_2
Snake:1:  layout_cave_shapes, serial_shops, shop, grunt_ministairs_14,
          uniq_aizul
Orc:1:    layout_caves, basic_altar
Orc:2:    pf_orc_diabolical, layout_caves, serial_shops, shop, basic_altar,
          mines1_david
Sewer:    sewer_minmay_treatment
IceCv:    ice_cave_caverns_02

Skill      XL: |  1  2  3  4  5  6  7  8  9 10 11 12 13 14 15 16 |
---------------+-------------------------------------------------+-----
Invocations    | 1 2 3 4 5 6 7 8 9 10 11 | 11.6
Short Blades   | 1 2 3 4 5 6 7 8 9 10 | 10.8
Long Blades    | 1 2 3 4 5 6 7 8 9 10 | 10.8
Polearms       | 1 2 3 4 5 6 7 8 9 10 | 10.8
Staves         | 1 2 3 4 5 6 7 8 9 10 | 10.8
Slings         | 1 2 3 4 5 6 7 8 9 10 | 10.8
Bows           | 1 2 3 4 5 6 7 8 9 10 | 10.8
Crossbows      | 1 2 3 4 5 6 7 8 9 10 | 10.8
Throwing       | 1 2 3 4 5 6 7 8 9 10 | 10.8
Dodging        | 1 2 3 4 5 6 7 8 9 10 | 10.8
Stealth        | 1 2 3 4 5 6 7 8 9 10 | 10.8
Unarmed Combat | 1 2 3 4 5 6 7 8 9 10 | 10.8
Spellcasting   | 1 2 3 4 5 6 7 8 9 10 | 10.8
Conjurations   | 1 2 3 4 5 6 7 8 9 |  9.2
Hexes          | 1 2 3 4 5 6 7 8 9 |  9.2
Charms         | 1 2 3 4 5 6 7 8 9 |  9.2
Summonings     | 1 2 3 4 5 6 7 8 9 |  9.2
Necromancy     | 1 2 3 4 5 6 7 8 9 |  9.2
Translocations | 1 2 3 4 5 6 7 8 9 |  9.2
Transmutations | 1 2 3 4 5 6 7 8 9 |  9.2
Fire Magic     | 1 2 3 4 5 6 7 8 9 |  9.2
Ice Magic      | 1 2 3 4 5 6 7 8 9 |  9.2
Air Magic      | 1 2 3 4 5 6 7 8 9 |  9.2
Earth Magic    | 1 2 3 4 5 6 7 8 9 |  9.2
Poison Magic   | 1 2 3 4 5 6 7 8 9 |  9.2
Maces & Flails | 3 4 5 6 7 8 9 10 11 | 11.1
Shields        | 3 4 5 6 7 8 9 10 11 | 11.1
Evocations     | 3 4 5 6 7 8 9 10 11 | 11.1
Fighting       | 5 6 7 8 9 10 11 | 11.6
Armour         | 5 6 7 8 9 10 11 | 11.6
Axes           | 7 8 9 10 11 12 | 12.4

Action                   |  1- 3 |  4- 6 |  7- 9 | 10-12 | 13-15 | 16-18 || total
-------------------------+-------+-------+-------+-------+-------+-------++-------
Melee: Hand axe          |    66 |   251 |   104 |       |       |       ||   421
       Bite              |    11 |    21 |    47 |    83 |   142 |    30 ||   334
       Punch             |       |     1 |     2 |    14 |    45 |    16 ||    78
       War axe           |       |       |   265 |   466 |       |       ||   731
       Trident           |       |       |       |     6 |    20 |    17 ||    43
       Rapier            |       |       |       |   143 |       |       ||   143
       Broad axe         |       |       |       |    59 |  1112 |   205 ||  1376
       Longbow           |       |       |       |       |       |     1 ||     1
 Fire: Hunting sling     |       |     8 |       |       |       |       ||     8
       Hand crossbow     |       |       |       |    29 |     8 |       ||    37
       Longbow           |       |       |       |       |   302 |   119 ||   421
Throw: Tomahawk          |       |       |    21 |     7 |       |       ||    28
       Javelin           |       |       |       |    30 |     8 |     4 ||    42
Invok: Greater Healing   |       |       |       |     2 |     3 |     1 ||     6
       Heal Other        |       |       |       |     2 |       |       ||     2
       Purification      |       |       |       |       |       |     1 ||     1
       Divine Vigour     |       |       |       |       |       |     1 ||     1
 Abil: Evoke Berserk Rag |       |       |     1 |     3 |     1 |     4 ||     9
Evoke: Wand              |       |       |     5 |     8 |     3 |     1 ||    17
  Use: Scroll            |     8 |     9 |     3 |    18 |     7 |     3 ||    48
       Potion            |       |       |     4 |     2 |     4 |     1 ||    11
  Eat: Chunk             |       |     9 |    15 |    21 |    43 |     8 ||    96
       Ration            |       |       |       |     4 |     2 |     3 ||     9
Armor: Ring mail         |    31 |       |       |       |       |       ||    31
       Chain mail        |       |   134 |   248 |    64 |   184 |    45 ||   675
       Skin              |       |       |    13 |       |       |       ||    13
       Plate armour      |       |       |       |   440 |   663 |   124 ||  1227
Dodge: Dodged            |    42 |   101 |   173 |   354 |   853 |   317 ||  1840

Table legend:
 A = Non-vault XP
 B = Vault XP
 C = Vault XP percentage of total XP
 D = Non-vault monster count
 E = Vault monster count
 F = Vault count percentage of total count
                 A         B        C        D         E       F
            +---------+---------+-------+---------+---------+-------
      Total |   86187 |   77290 |  47.3 |     552 |     330 |  37.4
            +---------+---------+-------+---------+---------+-------
        D:1 |      24 |      10 |  29.4 |      13 |       5 |  27.8
        D:2 |     134 |      33 |  19.8 |      27 |       1 |   3.6
        D:3 |     287 |      58 |  16.8 |      41 |       9 |  18.0
        D:4 |     147 |     995 |  87.1 |      12 |       9 |  42.9
        D:5 |     187 |     312 |  62.5 |       8 |       3 |  27.3
        D:6 |    1626 |       0 |   0.0 |      21 |       0 |   0.0
        D:7 |    3129 |    1219 |  28.0 |      42 |       7 |  14.3
        D:8 |    2677 |     355 |  11.7 |      31 |       1 |   3.1
        D:9 |    1200 |       0 |   0.0 |      32 |       0 |   0.0
       D:10 |    2415 |     476 |  16.5 |      16 |       1 |   5.9
       D:11 |    2845 |    5599 |  66.3 |      36 |      41 |  53.2
       D:12 |    5446 |    8876 |  62.0 |      40 |      14 |  25.9
       D:13 |    8218 |       0 |   0.0 |      43 |       0 |   0.0
       D:14 |   11117 |    1620 |  12.7 |      28 |       1 |   3.4
       D:15 |    2291 |    9301 |  80.2 |       8 |       6 |  42.9
     Lair:1 |    3345 |       0 |   0.0 |      16 |       0 |   0.0
     Lair:2 |    4420 |    5189 |  54.0 |      12 |      13 |  52.0
     Lair:3 |    4925 |    2359 |  32.4 |      25 |       1 |   3.8
     Lair:4 |    1368 |       0 |   0.0 |       7 |       0 |   0.0
     Lair:5 |   12649 |    1403 |  10.0 |      22 |       5 |  18.5
     Lair:6 |    5208 |    9061 |  63.5 |      14 |      52 |  78.8
    Snake:1 |    8758 |     151 |   1.7 |      16 |       1 |   5.9
      Orc:1 |    2377 |       0 |   0.0 |      27 |       0 |   0.0
      Orc:2 |    1394 |   17956 |  92.8 |      15 |      66 |  81.5
      Sewer |       0 |     226 | 100.0 |       0 |      48 | 100.0
      IceCv |       0 |   12091 | 100.0 |       0 |      46 | 100.0
            +---------+---------+-------+---------+---------+-------

Table legend:
 A = Turns spent in this place as a percentage of turns spent in the entire game.
 B = Non-inter-level travel turns spent in this place as a percentage of non-inter-level travel turns spent in the entire game.
 C = Inter-level travel turns spent in this place as a percentage of turns spent in this place.
 D = Turns resting spent in this place as a percentage of non-inter-level travel turns spent in this place.
 E = Turns spent auto-exploring this place as a percentage of non-inter-level travel turns spent in this place.
 F = Non-inter-level travel turns spent in this place divided by the number of levels of this place that you've seen.
                   A       B       C       D       E      F
               +-------+-------+-------+-------+-------+----------------------
         Total | 100.0 | 100.0 |   8.8 |  32.3 |  32.6 | 1202.4
       Dungeon |  52.9 |  52.6 |   9.4 |  24.0 |  38.5 | 1137.7
        Temple |   0.5 |   0.5 |  12.4 |   0.0 |  98.1 | 162.0
          Lair |  29.7 |  28.9 |  11.2 |  42.7 |  30.9 | 1563.7
     Snake Pit |   1.2 |   1.3 |   0.0 |  54.7 |   0.0 | 437.0
  Orcish Mines |   7.1 |   7.3 |   5.7 |  21.1 |  23.7 | 1191.5
         Sewer |   2.6 |   2.9 |   0.0 |  37.3 |  19.4 | 932.0
      Ice Cave |   5.9 |   6.5 |   0.0 |  60.9 |  10.8 | 2104.0
               +-------+-------+-------+-------+-------+----------------------

Levels and vault maps discovered:
D:1:      ncdulo_smallfort, layout_basic, minmay_strange_pillars,
          minmay_tetromino_i4
D:2:      layout_basic, nemelex_altar_shiori, serial_rivers,
          chequers_serial_rivers_small_b, chequers_serial_rivers_micro_b,
          chequers_serial_rivers_small_a, chequers_serial_rivers_room_a,
          chequers_ecumenical_altar_grove, elyvilon_altar_5, uniq_natasha
D:3:      layout_rooms, lightli_sewer_entry_pipes, st_stairs_3,
          kennysheep_path_1
D:4:      layout_loops_ring, gammafunk_ghost_nasty_kobolds,
          minmay_shop_enchanted_jewellery, uniq_pikel
D:5:      layout_basic, grunt_temple_overflow_open, minmay_temple_entry_hall,
          first_ration, kennysheep_windowed_goal, uniq_menkaure
D:6:      layout_cave_pods, lemuel_altar_in_water
D:7:      layout_loops_cross, lightli_temple_of_fire, grunt_livestock,
          uniq_duvessa
D:8:      layout_basic, lemuel_crystal_altar, david_lair_shrubbed, serial_glass,
          glass_columns_a, glass_columns_c, glass_columns_a, glass_columns_a,
          glass_columns_a, glass_columns_a, glass_columns_a, glass_columns_c,
          glass_columns_c, glass_columns_a, glass_columns_a, glass_columns_b,
          glass_columns_a, glass_columns_a, due_unseen_surprise, serial_shops,
          nicolae_shop_crystal
D:9:      layout_cave_pools, corexii_leaking_fountain
D:10:     layout_irregular_city, uniq_psyche
D:11:     layout_loops_corners, hiddenorc2_lemuel, ebering_ghost_gozag,
          hangedman_glass_teeth
D:12:     kennysheep_four_of_diamonds, layout_loops_ring
D:13:     layout_cave_pools, david_vaults_2, basic_altar
D:14:     layout_cave_pods, serial_shops, shop_coins,
          chequers_serial_rivers_micro_e, nicolae_ru_sacrificial_ziggurat,
          uniq_louise
D:15:     hangedman_depths_entry_try_elsewhere_first, layout_rooms, uniq_rupert,
          uniq_jorgrun
Temple:   regret_index_temple_sphere_string
Lair:1:   layout_misc_corridors
Lair:2:   layout_cave_pods, minmay_shoals_entry_lonely_mermaid,
          minmay_snake_entry_guardpost_medium, gammafunk_ghost_necromancy,
          grunt_megastairs_2
Lair:3:   layout_regular_city, uniq_gastronok
Lair:4:   layout_gridlike, lemuel_fruit_tree
Lair:5:   layout_hall_layers, portal_ice_cave_entry_pillars_1,
          ebering_ghost_rock_garden
Lair:6:   hangedman_lair_caniforms_friends, layout_gridlike, slime_altar_2,
          lemuel_fruit_fields, infiniplex_staircase_pool_2
Snake:1:  layout_cave_shapes, serial_shops, shop, grunt_ministairs_14,
          uniq_aizul
Orc:1:    layout_caves, basic_altar
Orc:2:    pf_orc_diabolical, layout_caves, serial_shops, shop, basic_altar,
          mines1_david
Sewer:    sewer_minmay_treatment
IceCv:    ice_cave_caverns_02
